 Dungeon Crawl Stone Soup version 0.30-a0-4-ga7cffc901d (webtiles) character file.

Game seed: 649886687536381214

80 Spectrina the Magician (level 4, -2/32 HPs)
             Began as a Djinni Venom Mage on Aug 20, 2022.
             Killed from afar by an orc wizard (9 damage)
             ... with a magic dart
             ... on level 3 of the Dungeon on Aug 21, 2022.
             The game lasted 00:11:13 (1120 turns).

Spectrina the Magician (Djinni Venom Mage)          Turns: 1120, Time: 00:11:13

Health: -2/32      AC:  6    Str:  7    XL:     4   Next: 65%
Gold:   87         EV: 12    Int: 18    God:
                   SH:  0    Dex: 14

rFire   + + .      SeeInvis .    b - +1 flail (drain)
rCold   . . .      Faith    .    (no shield)
rNeg    . . .      Spirit   .    f - +2 robe {Will+}
rPois   ∞          Reflect  .    k - +2 hat
rElec   .          Harm     .    (no cloak)
rCorr   .          Rampage  .    (no gloves)
Will    +....                    (boots unavailable)
Stlth   ++........               (no amulet)
HPRegen 0.10/turn                i - ring of protection from cold
MPRegen 0.00/turn                (no ring)

@: flying
A: sickness immunity, fire resistance 2, cold vulnerability 1, float, innate
caster, HP casting, extra vitality 1
a: no special abilities


You were on level 3 of the Dungeon.
You visited 1 branch of the dungeon, and saw 3 of its levels.

You collected 87 gold pieces.

Inventory:

Hand Weapons
 b - a +1 flail of draining (weapon)
Armour
 f - a +2 robe of willpower (worn)
 k - a +2 hat (worn)
Jewellery
 i - a ring of protection from cold (left hand)
Scrolls
 d - a scroll of vulnerability {unknown}
 g - 4 scrolls of teleportation {unknown}
 j - 2 scrolls of identify {unknown}
 l - a scroll of blinking {unknown}
Potions
 a - a potion of flight {unknown}
 c - a potion of might {unknown}
 e - a potion of degeneration {unknown}
 h - 2 potions of curing {unknown}
 m - a potion of lignification {unknown}


   Skills:
 + Level 1.2 Fighting
 + Level 2.8 Dodging
 + Level 2.0 Stealth
 * Level 3.0 Spellcasting
 + Level 1.3 Invocations


You couldn't memorise any spells.
You knew the following spells:

 Your Spells              Type           Power      Damage    Failure   Level
a - Sting                 Tmut/Pois      52%        1d5       4%          1
l - Mephitic Cloud        Conj/Pois/Air  13%        N/A       14%         3
p - Summon Small Mammal   Summ           52%        N/A       4%          1
q - Poisonous Vapours     Pois/Air       26%        N/A       7%          2
w - Olgreb's Toxic Radia  Pois           13%        N/A       41%         4
Your spell library was empty.

Dungeon Overview and Level Annotations

Branches:
Dungeon (3/15)

Altars:

Shops:
D:1 (

Annotations:
D:3 2 transporters, ChongLi's ghost, weakling DgHu


Innate Abilities, Weirdness & Mutations

You are immune to sickness and miasma.
You are immune to poison.
Your flesh is very heat resistant. (rF++)
You are vulnerable to cold. (rC-)
You float through the air rather than walking.
You learn spells naturally, not from books.
Your magical power is your life essence.
You have superior vitality. (+4 MHP)


Message History

The orc wizard points at you and mumbles some strange words.
The puff of flame hits you. You resist.
You thump the orc wizard! You drain the orc wizard.
You kill the orc wizard!
Your Spellcasting skill increases to level 3!
There is a shimmering blue altar of Sif Muna here.
Things that are here:
a +0 dagger; a +0 robe
There is an open door here.
You reach down and open the door.
An orc wizard comes into view. It is wielding a +0 dagger.
The orc wizard shouts!
The orc wizard casts a spell at you. You resist with almost no effort.
Found an ancient bone altar of Kikubaaqudgha.
Casting: Sting (safe; 4% risk of failure)
Confirm with . or Enter, or press ? or * to list all spells.
Aiming: Sting (safe; 4% risk of failure)
Press: ? - help, Shift-Dir - straight line, f - orc wizard
Aim: an orc wizard, wielding a +0 dagger and wearing a +0 robe (64% to hit)
The sting hits the orc wizard.
The orc wizard is poisoned.
The orc wizard is moderately wounded.
Unknown command.
Casting: Sting (safe; 4% risk of failure)
Confirm with . or Enter, or press ? or * to list all spells.
Aiming: Sting (safe; 4% risk of failure)
Press: ? - help, Shift-Dir - straight line, f/p - orc wizard
Aim: an orc wizard, wielding a +0 dagger and wearing a +0 robe (heavily wounded, poisoned, 64% to hit)
The sting hits the orc wizard.
The orc wizard looks even sicker.
The orc wizard is heavily wounded.
The orc wizard points at you and mumbles some strange words.
You resist with almost no effort.
The orc wizard gestures at you while chanting.
The magic dart hits you.
* * * LOW HITPOINT WARNING * * *
You closely miss the orc wizard.
The orc wizard is severely wounded.
The orc wizard gestures at you while chanting.
The magic dart hits you!
You die...

#≈# #....#
#........).#.. ###
###..#
#####....>.....#..
##..#
#..##..........#..
##..##
+...##.....?....<.
##..##
#....##........##.
###..##
####.....#........##.
###...##
#..#.⌠.⌠.#........##.
###...###
#_.o..⌠...........##.
....###
#@⌠.⌠.#........##.
#####..
####.....##..###.###.
.......
#..#....####.........
.######
#_.'...##....##...)..
##
#..#..###.###...####.
.#
##############...##..##
##
.#####..............#
#.## .??
.....#.#..........#.#
#. ..###
#......#..⌠~⌠~⌠P~...# #
##.# ..


You could see an orc wizard (very poisoned).

Vanquished Creatures
  An orc wizard (D:3)
  2 worms (D:3)
  2 dart slugs
  4 orcs (D:3)
  4 endoplasms
  A giant cockroach (D:1)
  5 goblins
  A hobgoblin (D:1)
  3 jackals (D:2)
  2 quokkas (D:1)
  4 ball pythons
  6 bats
  A frilled lizard (D:1)
  A kobold (D:2)
  4 rats
41 creatures vanquished.

Vanquished Creatures (others)
  A fungus (D:3)
1 creature vanquished.

Grand Total: 42 creatures vanquished

Notes
Turn   | Place    | Note
-------+----------+-------------------------------------------
     0 | D:1      | Spectrina the Djinni Venom Mage began the quest for the
                  | Orb.
     0 | D:1      | Spectrina set off with the following spells memorised:
                  | Sting, Poisonous Vapours, Mephitic Cloud, Olgreb's Toxic
                  | Radiance.
     0 | D:1      | Reached XP level 1. HP: 15/15 MP: 0/0
    96 | D:2      | Reached XP level 2. HP: 5/21 MP: 0/0
   229 | D:1      | Found Sotucih's Antique Weapon Boutique.
   513 | D:2      | Reached XP level 3. HP: 5/26 MP: 0/0
   513 | D:2      | Learned a level 1 spell: Summon Small Mammal
   701 | D:2      | Reached skill level 1 in Invocations
   998 | D:3      | Reached skill level 1 in Fighting
  1025 | D:3      | Found a faded altar of an unknown god.
  1041 | D:3      | Noticed ChongLi's ghost (weakling DgHu)
  1042 | D:3      | Found a transporter.
  1063 | D:3      | Found a transporter.
  1074 | D:3      | Reached XP level 4. HP: 14/32 MP: 0/0
  1109 | D:3      | Reached skill level 3 in Spellcasting
  1120 | D:3      | Killed from afar by an orc wizard

Illustrated notes

Levels and vault maps discovered:
D:1:      co_arrival_square_in_a_square_in_a_square, layout_loops_ring,
          serial_shops, shop, minmay_split_cup_large
D:2:      layout_rooms
D:3:      layout_rooms, palyth_temple_overflow_mages, old_standard_altar,
          gammafunk_ghost_stat_death, serial_rivers,
          chequers_serial_rivers_micro_b, chequers_serial_rivers_micro_c,
          chequers_serial_rivers_micro_a, chequers_serial_rivers_small_a,
          chequers_serial_rivers_small_a, shapermc_ecumenical_altar_acropolis

Skill      XL: |  1  2  3  4 |
---------------+-------------+-----
Invocations    | 1 |  1.3
Fighting       | 1 |  1.2
Stealth        | 2 |  2.0
Spellcasting   | 3 |  3.0
Dodging        | |  2.8

Action                   |  1- 3 |  4- 6 || total
-------------------------+-------+-------++-------
Melee: Unarmed           |    11 |       ||    11
       Flail             |     1 |     9 ||    10
 Cast: Sting             |    41 |     3 ||    44
       Poisonous Vapours |    17 |     1 ||    18
       Summon Small Mamm |     9 |       ||     9
       Mephitic Cloud    |     1 |       ||     1
  Use: Potion            |     2 |       ||     2
 Stab: Distracted        |       |     1 ||     1
       Sleeping          |       |     1 ||     1
Armor: Robe              |     5 |     2 ||     7
Dodge: Dodged            |    27 |     1 ||    28

Table legend: (Time is in decaauts)
 A = Elapsed time spent in this place.
 B = Non-inter-level travel time spent in this place.
 C = Inter-level travel time spent in this place.
 D = Time resting spent in this place.
 E = Time spent auto-exploring this place.
 F = Levels seen in this place.
 G = Mean time per level.
                   A        B        C        D        E       F      G
               +--------+--------+--------+--------+--------+-----+--------+
         Total |   1125 |   1082 |     43 |      0 |      0 |   3 |  375.0 |
       Dungeon |   1125 |   1082 |     43 |      0 |      0 |   3 |  375.0 |
               +--------+--------+--------+--------+--------+-----+--------+

Top non-repeatable levels by time:
     D:1: 401 daAuts
     D:3: 393 daAuts
     D:2: 330 daAuts
